 Dungeon Crawl Stone Soup version 0.29-a0-330-g52719c12eb (webtiles) character file.

Game seed: 9457953672680102833

1964 tilp the Chiller (level 9, 41/41 HPs)
             Began as a Felid Ice Elementalist on Apr 15, 2022.
             Was a Follower of Vehumet.
             Quit the game on level 8 of the Dungeon.
             The game lasted 00:17:19 (10518 turns).

tilp the Chiller (Felid Ice Elementalist)          Turns: 10518, Time: 00:17:20

Health: 41/41      AC:  2    Str:  4    XL:     9   Next: 0%
Magic:  17/17      EV: 18    Int: 20    God:    Vehumet [*.....]
Gold:   859        SH:  0    Dex: 17    Spells: 5/18 levels left
                                        Lives:  1   Deaths: 1

rFire   . . .      SeeInvis +     - Unarmed
rCold   . . .      Faith    .   (shield unavailable)
rNeg    . . .      Spirit   .   (body armour unavailable)
rPois   +          Reflect  .   (helmet unavailable)
rElec   .          Harm     .   (cloak unavailable)
rCorr   .          Rampage  .   (gloves unavailable)
Will    +....                   (boots unavailable)
Stlth   +++.......              r - amulet of magic regeneration
HPRegen 0.13/turn               n - ring of poison resistance
MPRegen 0.55/turn               (no ring)

@: studying Stealth, quick
A: very small, claws 1, fangs 3, see invisible, speed 1, shaggy fur 2, stealthy
paws, no weapons or thrown items, no armour, multi-lived
a: Renounce Religion


You were on level 8 of the Dungeon.
You worshipped Vehumet.
Vehumet was aware of your devotion.
You visited 2 branches of the dungeon, and saw 9 of its levels.

You collected 2903 gold pieces.
You spent 2044 gold pieces at shops.

Inventory:

Jewellery
 n - a ring of poison resistance (left paw)
 r - an amulet of magic regeneration (around neck)
Wands
 i - a wand of flame (10)
Scrolls
 c - 2 scrolls of fear
 k - 3 scrolls of blinking
 l - a scroll of amnesia
 m - 5 scrolls of vulnerability
 p - a scroll of noise
Potions
 a - 2 potions of magic
 b - 4 potions of attraction
 d - 3 potions of flight
 e - 3 potions of mutation
 f - 2 potions of heal wounds
 g - 5 potions of curing
 h - 2 potions of ambrosia
 j - a potion of haste
 q - a potion of might


   Skills:
 - Level 6.0 Fighting
 - Level 4.0 Dodging
 - Level 6.0 Stealth
 - Level 2.0 Unarmed Combat
 - Level 5.0 Spellcasting
 * Level 6.6 Conjurations
 + Level 7.7 Ice Magic
 - Level 4.0 Evocations


You had 5 spell levels left.
You knew the following spells:

 Your Spells              Type           Power      Damage    Failure   Level
a - Freeze                Ice            100%       1d11      1%          1
b - Frozen Ramparts       Ice            70%        1d9       1%          3
c - Ozocubu's Armour      Ice            35%        N/A       1%          3
d - Hailstorm             Conj/Ice       33%        3d8       6%          4
e - Searing Ray           Conj           62%        2d6       1%          2

Your spell library contained the following spells:

 Spells                   Type           Power      Damage    Failure   Level
 Shock                    Conj/Air       72%        1d7       3%          1
 Magic Dart               Conj           100%       1d8       1%          1
 Ensorcelled Hibernation  Hex/Ice        40%        N/A       3%          2
 Fulminant Prism          Conj/Hex       9%         3d7       30%         4
 Spider Form              Tmut/Pois      5%         N/A       34%         3
 Anguish                  Hex/Necr       2%         N/A       75%         4


Dungeon Overview and Level Annotations

Branches:
Dungeon (8/15)             Temple (1/1) D:7
   Lair: D:8-11

Altars:
Ashenzari
Cheibriados
Dithmenos
Elyvilon
Fedhas
Gozag
Kikubaaqudgha
Nemelex Xobeh
Okawaru
Qazlal
Ru
Sif Muna
Trog
Uskayaw
Vehumet
Wu Jian
Xom
Yredelemnul
Zin
The Shining One

Shops:
D:2 !   D:4 *:*(   D:7 **   D:8 (

Annotations:
D:4 Edmund
D:5 exclusion: ice beast


Innate Abilities, Weirdness & Mutations

You have sharp claws.
You have razor-sharp teeth.
You have supernaturally acute eyesight. (SInv)
You cover ground quickly. (Speed+)
You are covered in thick fur. (AC +2)
Your paws help you pounce on unaware monsters.
You are incapable of wielding weapons or throwing items.
You cannot wear armour.
You gain extra lives every three experience levels.


Message History

A cannonade of hail descends around you!
The hail pelts the steam dragon!
The steam dragon is moderately wounded.
The hail pelts the centaur!
The centaur is almost dead.
The hail pelts the centaur!
The centaur is almost dead.
The centaur shoots an arrow.
The arrow misses you.
The centaur shoots an arrow.
The arrow closely misses you.
Unknown command.
Unknown command.
Unknown command.
Unknown command.
Unknown command.
Casting: Hailstorm (quite dangerous; 6% risk of failure)
Confirm with . or Enter, or press ? or * to list all spells.
The spell is quite dangerous to miscast (6% risk of failure)!
Continue anyway?
Casting: Hailstorm (quite dangerous; 6% risk of failure)
Press: ? - help, Dir - look around, f - activate A cannonade of hail descends around you!
The hail pelts the steam dragon!
The steam dragon is almost dead.
The hail pelts the centaur!
You kill the centaur!
Vehumet accepts your kill.
The hail pelts the centaur!
You kill the centaur!
Vehumet accepts your kill.
You can now gain magical power from killing.
Vehumet offers you knowledge of Shock. The steam dragon breathes steam at you.
The ball of steam hits you!!
Ouch! That really hurt!
You die...
You hear a shout! x2; You hear a bellow!
You are now level 8!
You rejoin the land of the living...
Welcome back to level 9!
Unknown command.
Are you sure you want to abandon this character and quit the game? (Confirm with "yes".)

..#.#...# .......##
#.......##.
#.......... ##
#.......... .###
#...$......# ..#
#......###. #.#
#..@.......
#.###.......#..
#<.##.......# .#
##.)........# .# .#
######...#.##.##.#.
###..∩..#......
###.#.#>..#.#..
##.........#..(.
##......(......#


There were no monsters in sight!

Vanquished Creatures
  A two-headed ogre (D:7)
  Pikel (D:8)
  Maggie (D:7)
  A wyvern (D:8)
  A black bear (D:7)
  An orc warrior (D:5)
  An ogre (D:5)
  2 sky beasts
  3 centaurs (D:8)
  A lemure (D:8)
  A phantom (D:6)
  A kobold brigand (D:7)
  A bullfrog (D:7)
  3 scorpions
  A gnoll sergeant (D:6)
  2 necrophages (D:6)
  5 killer bees (D:7)
  A howler monkey (D:6)
  2 jellies
  A gnoll shaman (D:7)
  An orc priest (D:5)
  6 hounds
  5 orc wizards (D:5)
  An iguana (D:7)
  Ijyb (D:3)
  7 gnolls
  5 adders
  A shadow imp (D:5)
  3 ufetubi
  A worm (D:2)
  2 dart slugs (D:2)
  21 orcs
  8 ball pythons
  11 endoplasms
  5 giant cockroaches
  3 goblins
  7 hobgoblins
  6 jackals
  14 kobolds
  4 quokkas
  9 bats
  3 frilled lizards
  8 rats
163 creatures vanquished.

Notes
Turn   | Place    | Note
-------+----------+-------------------------------------------
     0 | D:1      | tilp the Felid Ice Elementalist began the quest for the
                  | Orb.
     0 | D:1      | Reached XP level 1. HP: 7/7 MP: 4/4
   531 | D:1      | Reached XP level 2. HP: 12/12 MP: 4/6
   881 | D:1      | Reached skill level 4 in Ice Magic
   894 | D:1      | Found a faded altar of an unknown god.
   988 | D:1      | Reached skill level 1 in Fighting
  1167 | D:1      | Identified 2 scrolls of acquirement
  1167 | D:1      | Acquired 1183 gold pieces
  1169 | D:1      | Acquired 1330 gold pieces
  1399 | D:2      | Reached XP level 3. HP: 15/15 MP: 7/7
  1403 | D:2      | Learned a level 3 spell: Frozen Ramparts
  2216 | D:2      | Found Cot Baty's Distillery.
  2219 | D:2      | Bought a potion of haste for 140 gold pieces
  2219 | D:2      | Bought a potion of degeneration for 14 gold pieces
  2219 | D:2      | Bought a potion of mutation for 112 gold pieces
  2566 | D:2      | Learned a level 3 spell: Ozocubu's Armour
  2753 | D:3      | Reached XP level 4. HP: 19/19 MP: 2/8
  3213 | D:3      | Noticed Ijyb
  3220 | D:3      | Killed Ijyb
  4348 | D:4      | Noticed a scorpion
  4353 | D:4      | Killed a scorpion
  4354 | D:4      | Reached skill level 5 in Ice Magic
  4354 | D:4      | Reached XP level 5. HP: 22/22 MP: 5/10
  4555 | D:4      | Found a snail-covered altar of Cheibriados.
  4583 | D:4      | Noticed Edmund
  4778 | D:4      | Gained mutation: You are covered in thick fur. (AC +2)
                  | [Felid growth]
  4778 | D:4      | Reached XP level 6. HP: 24/26 MP: 2/11
  4896 | D:4      | Reached skill level 6 in Ice Magic
  5126 | D:4      | Found a blossoming altar of Fedhas.
  5126 | D:4      | Found a hide-covered altar of Uskayaw.
  5252 | D:4      | Found Ugunil's Book Emporium.
  5254 | D:4      | Found Ohyepsys's General Store.
  5256 | D:4      | Found Gememm's General Store.
  5257 | D:4      | Found Xeuwit's Antique Weapon Emporium.
  5285 | D:4      | Bought a book of Conjurations for 280 gold pieces
  5288 | D:4      | Learned a level 2 spell: Searing Ray
  5288 | D:4      | Bought a manual of Stealth for 1120 gold pieces
  5443 | D:4      | Bought a scroll of identify for 24 gold pieces
  5443 | D:4      | Bought a scroll of identify for 24 gold pieces
  5484 | D:5      | Entered Level 5 of the Dungeon
  5654 | D:5      | Noticed an ice beast
  5692 | D:5      | Noticed an ice beast
  5748 | D:5      | Reached skill level 1 in Evocations
  5853 | D:5      | HP: 1/27 [ogre/+0 giant club (11)]
  6076 | D:5      | Reached skill level 1 in Unarmed Combat
  6227 | D:5      | Reached XP level 7. HP: 25/31 MP: 5/12
  7086 | D:5      | Reached skill level 5 in Stealth
  7530 | D:6      | Reached skill level 1 in Conjurations
  8009 | D:6      | Reached XP level 8. HP: 36/36 MP: 0/13
  8473 | D:6      | Found a white marble altar of Elyvilon.
  8473 | D:6      | Found a shadowy altar of Dithmenos.
  8537 | D:6      | Learned a level 4 spell: Hailstorm
  8556 | D:7      | Noticed a two-headed ogre
  9169 | D:7      | Found a staircase to the Ecumenical Temple.
  9182 | D:7      | Found Goluol Roef's Lightly-Used Armoury.
  9209 | Temple   | Entered the Ecumenical Temple
  9316 | Temple   | Became a worshipper of Vehumet
  9463 | D:7      | Noticed Maggie
  9493 | D:7      | Found Qefiseso's Neck Hole.
  9509 | D:7      | Bought an amulet of magic regeneration for 330 gold pieces
  9572 | D:7      | Reached skill level 5 in Fighting
  9585 | D:7      | Killed Maggie
  9586 | D:7      | Reached XP level 9. HP: 3/40 MP: 3/16
 10286 | D:7      | Killed a two-headed ogre
 10287 | D:7      | Reached skill level 5 in Conjurations
 10287 | D:7      | Reached skill level 7 in Ice Magic
 10387 | D:8      | Found Uteschuo's Weapon Emporium.
 10403 | D:8      | Reached skill level 5 in Spellcasting
 10445 | D:8      | Noticed Pikel
 10450 | D:8      | Killed Pikel
 10517 | D:8      | Reached * piety under Vehumet
 10517 | D:8      | Offered knowledge of Shock by Vehumet.
 10517 | D:8      | Killed from afar by a steam dragon
 10518 | D:8      | Reached XP level 8. HP: -19/38 MP: 7/16
 10518 | D:8      | Reached XP level 9. HP: 41/41 MP: 17/17
 10518 | D:8      | Quit the game

Illustrated notes

Levels and vault maps discovered:
D:1:      dpeg_arrival_rooms_with_view, layout_basic,
          ebering_ecumenical_altar_hall
D:2:      layout_loops_ring, serial_shops, nicolae_shop_window_shopping,
          chequers_serial_rivers_micro_a, grunt_ministairs_8,
          minmay_quadrilaterals
D:3:      layout_basic, uniq_ijyb
D:4:      layout_rooms, gammafunk_temple_overflow_wave,
          mainiacjoe_overflow_cross_hatched, minmay_shop_grid_forest,
          uniq_edmund
D:5:      layout_basic, serial_glass, glass_columns_a, glass_columns_b
D:6:      layout_rooms, gammafunk_temple_overflow_statue
D:7:      layout_cave_pools, minmay_temple_entry_mini_moons,
          minmay_shop_damaged, nicolae_shop_sticking_my_neck_out, uniq_maggie
D:8:      layout_rooms, mainiacjoe_overflow_six_doors_small, serial_shops,
          nicolae_shop_crystal, uniq_pikel
Temple:   regret_index_temple_waves

Skill      XL: |  1  2  3  4  5  6  7  8  9 |
---------------+----------------------------+-----
Ice Magic      | 4 5 6 7 |  7.7
Fighting       | 1 2 3 4 5 6 |  6.0
Spellcasting   | 3 4 5 |  5.0
Stealth        | 4 6 |  6.0
Dodging        | 3 4 |  4.0
Evocations     | 1 2 3 4 |  4.0
Unarmed Combat | 1 2 |  2.0
Conjurations   | 1 4 6 |  6.6

Action                   |  1- 3 |  4- 6 |  7- 9 || total
-------------------------+-------+-------+-------++-------
Melee: Unarmed           |    16 |    31 |    56 ||   103
       Bite              |     1 |     5 |     5 ||    11
       Punch             |       |       |     1 ||     1
 Cast: Freeze            |    44 |    30 |    18 ||    92
       Frozen Ramparts   |     9 |    22 |    27 ||    58
       Ozocubu's Armour  |       |     9 |    24 ||    33
       Searing Ray       |       |     1 |    17 ||    18
       Hailstorm         |       |       |     9 ||     9
Evoke: Wand              |       |       |     6 ||     6
  Use: Scroll            |     8 |     6 |     3 ||    17
       Potion            |       |       |     2 ||     2
 Stab: Sleeping          |     8 |    10 |    10 ||    28
Armor: Skin              |     2 |     6 |    14 ||    22
Dodge: Dodged            |    31 |    40 |   103 ||   174

Table legend: (Time is in decaauts)
 A = Elapsed time spent in this place.
 B = Non-inter-level travel time spent in this place.
 C = Inter-level travel time spent in this place.
 D = Time resting spent in this place.
 E = Time spent auto-exploring this place.
 F = Levels seen in this place.
 G = Mean time per level.
                   A        B        C        D        E       F      G
               +--------+--------+--------+--------+--------+-----+--------+
         Total |   9592 |   9308 |    284 |   2808 |   5129 |   9 | 1065.8 |
       Dungeon |   9490 |   9223 |    267 |   2808 |   5056 |   8 | 1186.2 |
        Temple |    101 |     84 |     17 |      0 |     73 |   1 |  101.0 |
               +--------+--------+--------+--------+--------+-----+--------+

Top non-repeatable levels by time:
     D:5: 1868 daAuts
     D:3: 1661 daAuts
     D:6: 1449 daAuts
     D:2: 1202 daAuts
     D:1: 1117 daAuts
     D:7: 1094 daAuts
     D:4: 979 daAuts
     D:8: 117 daAuts
  Temple: 101 daAuts
